 Dungeon Crawl Stone Soup version bcrawl-1.26.1 (webtiles) character file.

Game seed: 17878534830590399885

246021 Freyura the Ruffian (level 5, -3/53 HPs)
             Began as a Troll Fighter on July 11, 2020.
             Killed by divine providence
             ... invoked by an orc priest
              (12 damage)
             ... on level 3 of the Dungeon.
             The game lasted 00:06:05 (1627 turns).

Freyura the Ruffian (Troll Fighter)                 Turns: 1627, Time: 00:06:05

Health: -3/53      AC:  6    Str: 29    XL:     5   Next: 95%
Magic:  4/4        EV:  7    Int:  5    God:
Gold:   132        SH:  9    Dex: 10    Spells: 4/4 levels left

rFire    x . .     SeeInvis .     - Claws (22.3)
rCold    + . .     Gourm    +   a - +0 medium shield
rNeg     . . .     Faith    .   (armour unavailable)
rPois    .         Spirit   .   (helmet restricted)
rElec    .         Reflect  .   (no cloak)
rCorr    .         Harm     .   (gloves unavailable)
MR       .....                  (boots unavailable)
Stlth    +.........             i - amulet of rage
HPRegen  0.57/turn              g - ring of ice (curse)
MPRegen  0.09/turn              (no ring)

@: mighty
A: large, almost no armour, unfitting armour, claws 3, fast metabolism 3,
gourmand, regeneration 1, AC +6
a: Evoke Berserk Rage


You were on level 3 of the Dungeon.
You were completely stuffed.

You visited 1 branch of the dungeon, and saw 3 of its levels.

You collected 132 gold pieces.

Inventory:

Armour
 a - a +0 medium shield (worn)
Jewellery
 g - a cursed ring of ice (left claw)
 i - an amulet of rage (around neck)
Wands
 j - a wand of polymorph (10)
Scrolls
 d - a scroll of enchant armour {unknown}
 k - a scroll of amnesia
Potions
 c - a potion of berserk rage {unknown}
 h - 2 potions of degeneration {unknown}
Comestibles
 e - 3 rations {!d}


   Skills:
 + Level 3.5 Fighting
 - Level 2.4 Dodging
 + Level 2.4 Shields
 * Level 5.0 Unarmed Combat


You had 4 spell levels left.
You didn't know any spells.
Your spell library was empty.

Dungeon Overview and Level Annotations

Branches:
Dungeon (3/12)

Altars:
Trog


Innate Abilities, Weirdness & Mutations

You cannot wear most types of armour.
Your thick skin is tough. (AC +6)
You are too large for most types of armour.
You have claws for hands.
Your metabolism is lightning-fast.
You like to eat raw meat.
Your natural rate of healing is unusually fast.


Message History

You mangle the orc!!
You kill the orc!
The orc priest invokes the aid of Beogh against you.
Beogh smites you!
* * * LOW HITPOINT WARNING * * *
The leopard gecko bites you.
* * * LOW HITPOINT WARNING * * *
You hear an angry hiss.
You closely miss the kobold. The kobold hits you but does no damage.
You block the leopard gecko's attack.
You barely miss the kobold. The kobold hits you but does no damage.
The leopard gecko closely misses you.
You claw the kobold!
You kill the kobold!
The leopard gecko closely misses you.
You mangle the orc!!
You kill the orc!
The orc priest calls down the wrath of Beogh upon you.
Beogh smites you!
You die... .# ... .## . ... . ..# . #.. #. ##o# #. #.##.. .o# ####.# #.#..# loJ

.....§###...#
#o#####........###
#
#)l.....#.#......>
#. #@..#
#.##.####. #.#
##...# #....## ##
#..####..###
##....# #.......##
##.#.## #.......#
#.#..### #.###..##
##.#....# #...#
#.....#.# #.#.#
##..♣..#.#
...#.###
#..♣_♣.#.#


You could see an orc priest, an orc wizard, an ooze, 2 orcs and 2 leopard
geckos.

Vanquished Creatures
  A bullfrog (D:3)
  Ijyb (D:2)
  3 gnolls (D:3)
  2 adders
  3 oozes
  6 worms
  5 dart slugs
  2 orcs (D:3)
  2 ball pythons
  2 giant cockroaches (D:1)
  11 goblins
  6 hobgoblins
  9 jackals
  A quokka (D:2)
  5 bats
  4 frilled lizards
  5 kobolds
  A quokka skeleton (D:3)
  5 rats
74 creatures vanquished.

Notes
Turn   | Place    | Note
-------+----------+-------------------------------------------
     0 | D:1      | Freyura the Troll Fighter began the quest for the Orb.
     0 | D:1      | Reached XP level 1. HP: 22/22 MP: 0/0
   107 | D:1      | Reached XP level 2. HP: 28/29 MP: 1/1
   393 | D:1      | Reached skill level 3 in Unarmed Combat
   439 | D:1      | Reached XP level 3. HP: 35/36 MP: 2/2
   929 | D:2      | Gained mutation: Your natural rate of healing is unusually
                  | fast. [Troll growth]
   929 | D:2      | Reached XP level 4. HP: 42/45 MP: 3/3
  1129 | D:2      | Reached skill level 4 in Unarmed Combat
  1304 | D:2      | Noticed Ijyb
  1315 | D:2      | Killed Ijyb
  1456 | D:3      | Found a faded altar of an unknown god.
  1492 | D:3      | Found a bloodstained altar of Trog.
  1497 | D:3      | Reached XP level 5. HP: 38/53 MP: 4/4
  1620 | D:3      | Reached skill level 5 in Unarmed Combat
  1627 | D:3      | Killed from afar by an orc priest

Skill      XL: |  1  2  3  4  5 |
---------------+----------------+-----
Unarmed Combat | 3 4 5 |  5.0
Fighting       | 3 |  3.5
Dodging        | |  2.4
Shields        | |  2.4

Action                   |  1- 3 |  4- 6 || total
-------------------------+-------+-------++-------
Melee: Unarmed           |    73 |   113 ||   186
  Use: Scroll            |     2 |       ||     2
       Potion            |       |     2 ||     2
 Stab: Sleeping          |     2 |       ||     2
  Eat: Chunk             |    11 |     5 ||    16
Armor: Skin              |    23 |    38 ||    61
Dodge: Dodged            |    18 |    30 ||    48
Block: Medium shield     |    23 |    46 ||    69
